 Dungeon Crawl Stone Soup version 0.27-a0-1140-g099f9bb0e8 (webtiles) character file.

Game seed: 1746272097156963403

789 leviel the Cleaver (level 7, -1/64 HPs)
             Began as a Minotaur Fighter on May 8, 2021.
             Slain by a vampire (5 damage)
             ... on level 5 of the Dungeon.
             The game lasted 00:05:33 (5153 turns).

leviel the Cleaver (Minotaur Fighter)               Turns: 5153, Time: 00:05:34

Health: -1/64      AC: 11    Str: 23    XL:     7   Next: 56%
Magic:  6/6        EV:  4    Int: 11    God:
Gold:   214        SH:  9    Dex:  9    Spells: 6/6 levels left

rFire    . . .     SeeInvis .   a - +0 war axe
rCold    . . .     Faith    .   c - +0 kite shield
rNeg     . . .     Spirit   .   b - +0 plate armour
rPois    .         Reflect  .   (helmet restricted)
rElec    .         Harm     .   (no cloak)
rCorr    .         Rampage  .   (no gloves)
Will     .....                  (no boots)
Stlth    ..........             (no amulet)
HPRegen  0.20/turn              h - +6 ring of intelligence {b}
MPRegen  0.10/turn              (no ring)

@: mighty
A: horns 2, retaliatory headbutt
a: no special abilities


You were on level 5 of the Dungeon.
You visited 1 branch of the dungeon, and saw 5 of its levels.

You collected 214 gold pieces.

Inventory:

Hand Weapons
 a - a +0 war axe (weapon)
Missiles
 o - 5 atropa-tipped darts (quivered)
Armour
 b - a +0 plate armour (worn)
 c - a +0 kite shield (worn)
Jewellery
 h - a +6 ring of intelligence (left hand) {b}
Scrolls
 e - 2 scrolls of enchant armour {unknown}
 f - 3 scrolls of identify {unknown}
 g - 3 scrolls of teleportation {unknown}
 i - 2 scrolls of noise {unknown}
 k - a scroll of vulnerability {unknown}
 l - 3 scrolls of brand weapon {unknown}
 n - a scroll of enchant weapon {unknown}
Potions
 m - a potion of mutation {unknown}


   Skills:
 + Level 6.9 Fighting
 * Level 8.6 Axes
 - Level 3.6 Armour
 - Level 3.6 Shields


You had 6 spell levels left.
You didn't know any spells.
Your spell library was empty.

Dungeon Overview and Level Annotations

Branches:
Dungeon (5/15)
 Temple: D:4-7

Altars:
Qazlal

Shops:
D:1 =


Innate Abilities, Weirdness & Mutations

You have a pair of horns on your head.
You reflexively headbutt those who attack you in melee.


Message History

The vampire points at you and mumbles some strange words.
You are confused.
You feel very mighty all of a sudden.
The vampire gestures at itself while chanting.
The vampire flickers and vanishes!
Deactivating autopickup; reactivate with Ctrl-A.
You bump into the rock wall.
You hear some strange, mumbled words.
You are more confused.
You bump into the rock wall.
Something hits you! Something bites you.
Something draws strength from your injuries!
You closely miss something. Something hits you! Something bites you.
* * * LOW HITPOINT WARNING * * *
Something draws strength from your injuries!
You bump into the rock wall.
Something hits you.
* * * LOW HITPOINT WARNING * * *
Something bites you.
* * * LOW HITPOINT WARNING * * *
Something draws strength from your injuries!
You bump into the rock wall.
Something hits you but does no damage. Something bites you.
* * * LOW HITPOINT WARNING * * *
Something draws strength from your injuries!
You bump into the rock wall.
Something hits you.
* * * LOW HITPOINT WARNING * * *
Something bites you but does no damage.
It was a potion of curing.
You feel better. Something hits you but does no damage. Something bites you!
* * * LOW HITPOINT WARNING * * *
Something draws strength from your injuries!
You feel better. Something hits you.
* * * LOW HITPOINT WARNING * * *
Something bites you but does no damage.
Your shield and plate armour prevent you from hitting something.
Something hits you but does no damage. Something bites you.
* * * LOW HITPOINT WARNING * * *
Something draws strength from your injuries!
Your shield and plate armour prevent you from hitting something.
You headbutt something. You block something's attack. Something bites you.
You die...

#####..........#
#.########.#
##.### ....#
##.#.# ##.#.##
#..... # #..#{#
#.##..#@#
#.......#
####..### #..#
####..# #.<...#
#.##.## # #.##.#
.## #.##.###....


There were no monsters in sight!

Vanquished Creatures
  Eustachio (D:5)
  A black bear (D:5)
  An ogre (D:5)
  A centaur (D:5)
  A scorpion (D:5)
  3 hounds (D:5)
  An orc priest (D:3)
  8 river rats (D:5)
  3 adders
  An adder skeleton (D:4)
  A worm (D:5)
  2 dart slugs
  8 orcs
  3 bats
  7 endoplasms
  5 giant cockroaches
  4 goblins
  2 hobgoblins
  14 jackals
  10 quokkas
  7 ball pythons
  3 frilled lizards
  6 kobolds
  22 rats
115 creatures vanquished.

Notes
Turn   | Place    | Note
-------+----------+-------------------------------------------
     0 | D:1      | leviel the Minotaur Fighter began the quest for the Orb.
     0 | D:1      | Reached XP level 1. HP: 19/19 MP: 0/0
   327 | D:1      | Found a faded altar of an unknown god.
   362 | D:1      | Reached skill level 3 in Axes
   362 | D:1      | Reached XP level 2. HP: 27/27 MP: 1/1
   376 | D:1      | Found Joxuoves's Jewellery Shoppe.
  1016 | D:2      | Reached XP level 3. HP: 33/33 MP: 2/2
  1108 | D:2      | Reached skill level 4 in Axes
  1963 | D:3      | Reached XP level 4. HP: 34/41 MP: 3/3
  2133 | D:3      | Reached skill level 5 in Axes
  2867 | D:4      | Reached skill level 5 in Fighting
  2867 | D:4      | Reached XP level 5. HP: 45/48 MP: 4/4
  3535 | D:5      | Entered Level 5 of the Dungeon
  3568 | D:5      | Noticed a centaur
  3575 | D:5      | Killed a centaur
  3576 | D:5      | Reached skill level 6 in Axes
  3704 | D:5      | Noticed Eustachio
  3971 | D:5      | Killed Eustachio
  3972 | D:5      | Reached skill level 7 in Axes
  3972 | D:5      | Reached XP level 6. HP: 41/57 MP: 5/5
  4294 | D:5      | Reached XP level 7. HP: 44/63 MP: 6/6
  4449 | D:5      | Reached skill level 8 in Axes
  4617 | D:5      | Found a stormy altar of Qazlal.
  4662 | D:5      | HP: 1/64 [ogre/+0 giant spiked club (19)]
  5136 | D:5      | Noticed a vampire
  5149 | D:5      | HP: 3/64 [something (4)]
  5153 | D:5      | Slain by a vampire

Illustrated notes

Levels and vault maps discovered:
D:1:      dpeg_arrival_pits, layout_basic, serial_shops, shop,
          basic_ecumenical_altar, serial_corexii_hall, corexii_hall_statues_x,
          corexii_hall_statues_s
D:2:      layout_basic
D:3:      layout_basic
D:4:      wander_river, layout_loops_corners, led_sif_pool,
          nemelex_dance_club_becter, marbit_many_paths, kennysheep_dice
D:5:      lemuel_ratsnest, layout_loops_ring, old_standard_altar,
          minmay_temple_entry_stoned_glass, minivault_1, uniq_eustachio

Skill      XL: |  1  2  3  4  5  6  7 |
---------------+----------------------+-----
Fighting       | 4 5 6 |  6.9
Axes           | 3 4 5 7 8 |  8.6
Armour         | |  3.6
Shields        | |  3.6

Action                   |  1- 3 |  4- 6 |  7- 9 || total
-------------------------+-------+-------+-------++-------
Melee: War axe           |   120 |   146 |    68 ||   334
       Headbutt          |    18 |    25 |    10 ||    53
Throw: Dart              |       |       |     1 ||     1
  Use: Potion            |       |       |     3 ||     3
Armor: Scale mail        |    14 |       |       ||    14
       Plate armour      |    81 |    74 |    49 ||   204
Dodge: Dodged            |    37 |    29 |    10 ||    76
Block: Kite shield       |    76 |    81 |    37 ||   194

Table legend: (Time is in decaauts)
 A = Elapsed time spent in this place.
 B = Non-inter-level travel time spent in this place.
 C = Inter-level travel time spent in this place.
 D = Time resting spent in this place.
 E = Time spent auto-exploring this place.
 F = Levels seen in this place.
 G = Mean time per level.
                   A        B        C        D        E       F      G
               +--------+--------+--------+--------+--------+-----+--------+
         Total |   5316 |   5136 |    180 |    646 |   3723 |   5 | 1063.2 |
       Dungeon |   5316 |   5136 |    180 |    646 |   3723 |   5 | 1063.2 |
               +--------+--------+--------+--------+--------+-----+--------+

Top non-repeatable levels by time:
     D:5: 1665 daAuts
     D:2: 1064 daAuts
     D:1: 947 daAuts
     D:3: 933 daAuts
     D:4: 705 daAuts
